 Dungeon Crawl Stone Soup version 0.26.1-11-gd32895ea62 (webtiles) character file.

Game seed: 16059473540135466219

14704 Jerry the Carver (level 11, 0/89 HPs)
             Began as a Demonspawn Fighter on July 1, 2021.
             Was an Initiate of Gozag.
             Slain by Snorg (13 damage)
             ... on level 3 of the Lair of Beasts.
             The game lasted 00:28:17 (12536 turns).

Jerry the Carver (Demonspawn Fighter)              Turns: 12536, Time: 00:28:19

Health: 0/89       AC: 11    Str: 19    XL:     11   Next: 92%
Magic:  0/11       EV: 18    Int: 10    God:    Gozag
Gold:   1530       SH: 11    Dex: 17    Spells: 10/10 levels left

rFire    . . .     SeeInvis .   t - +7 Spriggan's Knife {stab, EV+4 Stlth+}
rCold    + . .     Faith    .   u - +0 buckler
rNeg     . . .     Spirit   +   n - +3 ring mail {rC+}
rPois    .         Reflect  +   (helmet restricted)
rElec    .         Harm     .   (no cloak)
rCorr    .         Rampage  .   (no gloves)
Will     .....                  B - +0 pair of boots
Stlth    +++++++...             I - amulet of reflection
HPRegen  0.24/turn              m - ring of stealth
MPRegen  0.12/turn              D - +4 ring of evasion

@: no status effects
A: horns 1, thin skeletal structure 2, spiny 3, magic shield
a: Renounce Religion, Potion Petition, Call Merchant, Bribe Branch


You were on level 3 of the Lair of Beasts.
You worshipped Gozag.
Gozag was most pleased with you.
You visited 3 branches of the dungeon, and saw 14 of its levels.

You collected 1678 gold pieces.
You paid 148 gold pieces to Gozag.

Inventory:

Hand Weapons
 t - the +7 Spriggan's Knife (weapon) {stab, EV+4 Stlth+}
   (You found it on level 4 of the Dungeon)

   It affects your evasion (+4).
   It makes you more stealthy.
 J - a +4 long sword
Armour
 a - the cursed +1 chain mail of Least Resistance {rElec rF+}
   (You found it on level 1 of the Lair of Beasts)

   It protects you from fire.
   It insulates you from electricity.
   It has a curse placed upon it.
 n - a +3 ring mail of cold resistance (worn)
 u - a +0 buckler (worn)
 B - a +0 pair of boots (worn)
Jewellery
 m - a ring of stealth (left hand)
 s - an uncursed ring of positive energy
 y - an uncursed ring of protection from fire
 D - a +4 ring of evasion (right hand)
 I - an amulet of reflection (around neck)
Wands
 o - a wand of flame (15)
 z - a wand of paralysis (12)
 E - a wand of polymorph (11)
 G - a wand of random effects (19)
 L - a wand of iceblast (10)
Scrolls
 b - 3 scrolls of blinking
 c - 2 scrolls of immolation {unknown}
 g - 13 scrolls of identify
 i - 3 scrolls of remove curse
 k - 2 scrolls of random uselessness {unknown}
 l - a scroll of fear {unknown}
 r - 5 scrolls of teleportation {unknown}
 v - 2 scrolls of noise {unknown}
 w - 3 scrolls of enchant weapon {unknown}
 A - 2 scrolls of magic mapping {unknown}
 C - 2 scrolls of fog {unknown}
 F - a scroll of holy word {unknown}
 H - a scroll of enchant armour
 M - a scroll of brand weapon {unknown}
Potions
 d - 4 potions of might
 e - 6 potions of lignification
 f - 2 potions of heal wounds {unknown}
 h - 4 potions of curing {unknown}
 j - 3 potions of brilliance {unknown}
 p - 3 potions of berserk rage {unknown}
 q - 2 potions of degeneration {unknown}
 x - 3 potions of haste {unknown}


   Skills:
 + Level 9.0 Fighting
 * Level 11.1 Long Blades
 + Level 8.2 Armour
 + Level 7.7 Stealth
 - Level 6.0 Shields


You had 10 spell levels left.
You didn't know any spells.
Your spell library contained the following spells:

 Spells                   Type           Power        Failure   Level
 Animate Skeleton         Necr           0%           52%         1
 Apportation              Tloc           0%           52%         1
 Corona                   Hex            0%           52%         1
 Pain                     Necr           0%           52%         1
 Summon Small Mammal      Summ           0%           52%         1
 Call Imp                 Summ           0%           65%         2
 Slow                     Hex            0%           65%         2
 Call Canine Familiar     Summ           0%           87%         3
 Inner Flame              Hex/Fire       0%           87%         3
 Lesser Beckoning         Tloc           0%           87%         3
 Portal Projectile        Hex/Tloc       0%           87%         3
 Summon Guardian Golem    Hex/Summ       0%           87%         3
 Tukima's Dance           Hex            0%           87%         3
 Vampiric Draining        Necr           0%           87%         3
 Animate Dead             Necr           0%           99%         4
 Cause Fear               Hex            0%           99%         4
 Leda's Liquefaction      Hex/Erth       0%           99%         4
 Summon Ice Beast         Ice/Summ       0%           99%         4
 Summon Lightning Spire   Summ/Air       0%           99%         4
 Agony                    Necr           0%           100%        5
 Alistair's Intoxication  Tmut/Pois      0%           100%        5
 Silence                  Hex/Air        0%           100%        5
 Yara's Violent Unravell  Hex/Tmut       0%           100%        5
 Invisibility             Hex            0%           100%        6
 Discord                  Hex            0%           100%        8


Dungeon Overview and Level Annotations

Branches:
Dungeon (10/15)            Temple (1/1) D:6            Lair (3/6) D:8
 Spider (0/4) Lair:2
  Swamp: Lair:2-4    Shoals: Lair:2-4       Orc: D:9-12

Altars:
Ashenzari
Cheibriados
Dithmenos
Elyvilon
Fedhas
Gozag
Hepliaklqana
Kikubaaqudgha
Makhleb
Nemelex Xobeh
Okawaru
Qazlal
Ru
Sif Muna
Trog
Uskayaw
Vehumet
Wu Jian
Xom
Yredelemnul
Zin
The Shining One

Annotations:
D:5 3 runed translucent doors, H0rd4k's ghost, novice OpTm
Lair:2 1 runed translucent door, makewrite's ghost, journeyman MiMo
Lair:3 Snorg; Urug


Innate Abilities, Weirdness & Mutations

You have a pair of small horns on your head.
You have a moderately thin skeletal structure. (Dex +4, Stealth+)
You are completely covered in sharp spines.
When hurt, damage is shared between your health and your magic reserves.


Message History

Snorg is struck by your spines. Snorg bites you!! You block Snorg's attack.
Snorg claws you.
You hit Snorg. You headbutt Snorg.
Snorg is severely wounded.
Snorg bites you!! You block Snorg's attack. Snorg closely misses you.
You hit Snorg. You headbutt Snorg.
Snorg is severely wounded.
You block Snorg's attack. Snorg closely misses you. x2
Snorg closely misses you. Snorg claws you. Snorg closely misses you.
Snorg rages.
Snorg is struck by your spines. Snorg misses you. You block Snorg's attack. x2
Snorg bites you but does no damage. Snorg misses you.
Snorg claws you but does no damage. Snorg is struck by your spines.
Snorg bites you!
* * * LOW HITPOINT WARNING * * *
Snorg claws you!
* * * LOW HITPOINT WARNING * * *
Snorg claws you!
You die...
Your body crumbles into a pile of gold.

....# ....# ....#
##### ##....#
.#..#.####..... ##
............###'.#
.......$...#......
..........@........
..##.P[.#T...#.....
.....###DS#.##...#.
..... #..##........
.... #......⌠...⌠.
... +........>...
..o..##..#...⌠...⌠.
.#..#..##........
.....#..#..#...##


You could see Snorg (berserk), a seven-headed hydra and a water moccasin.

Vanquished Creatures
  A hydra (Lair:2)
  Pikel (D:7)
  4 elephants (Lair:2)
  2 black mambas
  7 cane toads
  2 komodo dragons
  3 polar bears
  11 blink frogs
  A tarantella (Lair:2)
  7 yaks (Lair:2)
  A basilisk (Lair:1)
  A wyvern (Lair:2)
  The ghost of RawMediocrity the Shield-Bearer, an amateur FoFi (D:3)
  4 water moccasins
  A black bear (Lair:2)
  2 ice beasts
  2 phantoms (D:6)
  2 sky beasts
  6 wolves (Lair:1)
  4 ogres
  A centaur (D:9)
  2 big kobolds (D:9)
  12 bullfrogs
  A gnoll sergeant (D:5)
  2 scorpions
  A jelly (D:8)
  7 wights
  4 howler monkeys
  2 centaur zombies
  2 quasits
  A bullfrog zombie (D:8)
  4 orc priests
  4 hounds
  A centaur skeleton (D:4)
  6 orc wizards
  3 bullfrog skeletons
  Jessica (D:2)
  5 hell rats (Lair:2)
  4 iguanas
  6 worker ants
  A worker ant zombie (D:7)
  14 adders
  4 gnolls
  2 shadow imps
  3 white imps
  An ufetubus (D:9)
  2 oozes
  An adder skeleton (D:5)
  An adder zombie (D:7)
  3 worms
  4 dart slugs
  4 leopard geckos
  28 orcs
  2 giant cockroaches
  7 goblins
  9 hobgoblins
  9 jackals
  12 kobolds
  2 quokkas
  3 ball pythons
  5 bats
  2 frilled lizards
  A jackal skeleton (D:4)
  6 rats
258 creatures vanquished.

Vanquished Creatures (others)
  4 fungi (Lair:2)
  3 plants (Lair:2)
7 creatures vanquished.

Grand Total: 265 creatures vanquished

Notes
Turn   | Place    | Note
-------+----------+-------------------------------------------
     0 | D:1      | Jerry the Demonspawn Fighter began the quest for the Orb.
     0 | D:1      | Reached XP level 1. HP: 18/18 MP: 1/1
   153 | D:1      | Reached skill level 2 in Long Blades
   400 | D:1      | Gained mutation: You have a somewhat thin skeletal
                  | structure. (Dex +2, Stealth) [demonic ancestry]
   400 | D:1      | Reached XP level 2. HP: 24/24 MP: 2/2
  1116 | D:2      | Reached XP level 3. HP: 22/29 MP: 3/3
  1447 | D:2      | Reached skill level 3 in Long Blades
  1514 | D:2      | Gained mutation: You are partially covered in sharp spines.
                  | [demonic ancestry]
  1514 | D:2      | Reached XP level 4. HP: 29/35 MP: 4/4
  1613 | D:2      | Noticed Jessica
  1617 | D:2      | Killed Jessica
  2090 | D:3      | Found a runed translucent door.
  2092 | D:3      | Noticed RawMediocrity's ghost (amateur FoFi)
  2164 | D:3      | Found a hide-covered altar of Uskayaw.
  2167 | D:3      | Found a broken altar of Ashenzari.
  2167 | D:3      | Found an ornate altar of the Wu Jian Council.
  2170 | D:3      | Found an ancient bone altar of Kikubaaqudgha.
  2229 | D:3      | Reached XP level 5. HP: 42/42 MP: 5/5
  2291 | D:3      | Found a faded altar of an unknown god.
  2302 | D:3      | Found a runed translucent door.
  3169 | D:3      | Reached skill level 4 in Long Blades
  3339 | D:4      | Gained mutation: You are mostly covered in sharp spines.
                  | [demonic ancestry]
  3339 | D:4      | Reached XP level 6. HP: 38/48 MP: 6/6
  3578 | D:4      | Found a shimmering blue altar of Sif Muna.
  3690 | D:4      | Found the +7 Spriggan's Knife {stab, EV+4 Stlth+}
  3770 | D:4      | Found a glowing golden altar of the Shining One.
  3772 | D:4      | Noticed an angel
  3865 | D:4      | Found a basalt altar of Yredelemnul.
  4015 | D:5      | Entered Level 5 of the Dungeon
  4274 | D:5      | Reached skill level 1 in Stealth
  4278 | D:5      | Reached skill level 5 in Long Blades
  4412 | D:5      | Gained mutation: When hurt, damage is shared between your
                  | health and your magic reserves. [demonic ancestry]
  4412 | D:5      | Reached XP level 7. HP: 55/55 MP: 7/7
  4510 | D:5      | Found a runed translucent gate.
  4510 | D:5      | Found a runed translucent gate.
  4510 | D:5      | Found a runed translucent gate.
  4520 | D:5      | Noticed H0rd4k's ghost (novice OpTm)
  4823 | D:5      | Found a shadowy altar of Dithmenos.
  5023 | D:6      | Found a staircase to the Ecumenical Temple.
  5031 | Temple   | Entered the Ecumenical Temple
  5213 | D:6      | Reached skill level 5 in Fighting
  5225 | D:6      | Found a sparkling altar of Nemelex Xobeh.
  5692 | D:6      | Gained mutation: You are completely covered in sharp
                  | spines. [demonic ancestry]
  5692 | D:6      | Reached XP level 8. HP: 40/62 MP: 5/8
  5921 | D:7      | Reached skill level 6 in Long Blades
  6065 | D:7      | Noticed Pikel
  6078 | D:7      | Killed Pikel
  6079 | D:7      | Reached skill level 5 in Armour
  6896 | D:7      | Reached skill level 7 in Long Blades
  6896 | D:7      | Reached XP level 9. HP: 69/69 MP: 9/9
  6926 | D:8      | Found an opulent altar of Gozag.
  6937 | D:8      | Became a worshipper of Gozag Ym Sagoz the Greedy
  7504 | D:8      | Found a staircase to the Lair.
  7605 | D:8      | Found a hazy altar of Hepliaklqana.
  8089 | D:9      | You fall into a shaft and drop 1 floor!
  8089 | D:10     | Entered Level 10 of the Dungeon
  8089 | D:10     | Found an ornate altar of the Wu Jian Council.
  8097 | D:10     | Reached skill level 5 in Shields
  8173 | D:9      | Found a snail-covered altar of Cheibriados.
  8228 | D:9      | Reached skill level 8 in Long Blades
  8533 | D:9      | Found a stormy altar of Qazlal.
  9030 | D:3      | Killed RawMediocrity's ghost
  9031 | D:3      | Reached skill level 5 in Stealth
  9031 | D:3      | Gained mutation: You have a pair of small horns on your
                  | head. [demonic ancestry]
  9031 | D:3      | Reached XP level 10. HP: 70/77 MP: 7/10
  9378 | Lair:1   | Entered Level 1 of the Lair of Beasts
  9378 | Lair:1   | Noticed a black mamba
  9381 | Lair:1   | Killed a black mamba
  9452 | Lair:1   | Noticed a cane toad
  9475 | Lair:1   | Killed a cane toad
  9498 | Lair:1   | Got a dazzling chain mail
  9499 | Lair:1   | Identified the cursed +1 chain mail of Least Resistance
                  | {rElec rF+} (You found it on level 1 of the Lair of Beasts)
  9539 | Lair:1   | Noticed a cane toad
  9542 | Lair:1   | Killed a cane toad
  9543 | Lair:1   | Reached skill level 9 in Long Blades
  9928 | Lair:1   | Noticed a cane toad
  9935 | Lair:1   | Killed a cane toad
  9999 | Lair:1   | Noticed a cane toad
 10013 | Lair:1   | Killed a cane toad
 10657 | Lair:2   | Found a runed translucent door.
 10657 | Lair:2   | Identified the cursed +1 spear of Precise Incision {flame,
                  | rElec}
 10657 | Lair:2   | Noticed a spriggan rider
 10664 | Lair:2   | Noticed makewrite's ghost (journeyman MiMo)
 10686 | Lair:2   | Gained mutation: You have a moderately thin skeletal
                  | structure. (Dex +4, Stealth+) [demonic ancestry]
 10686 | Lair:2   | Reached XP level 11. HP: 81/86 MP: 9/11
 10746 | Lair:2   | Noticed a four-headed hydra
 10759 | Lair:2   | Killed a four-headed hydra
 10760 | Lair:2   | Reached skill level 10 in Long Blades
 12218 | Lair:2   | Reached skill level 11 in Long Blades
 12290 | Lair:2   | Found a hole to the Spider Nest.
 12494 | Lair:3   | Noticed Urug
 12512 | Lair:3   | Noticed Snorg
 12520 | Lair:3   | Noticed a seven-headed hydra
 12536 | Lair:3   | Slain by Snorg

Illustrated notes

Levels and vault maps discovered:
D:1:      dpeg_arrival_rhombus, layout_basic
D:2:      layout_rooms, minivault_19, wad_orctagon, uniq_jessica
D:3:      layout_basic, minitemple, chequers_ecumenical_altar_twisty,
          ebering_ghost_sewer_f
D:4:      layout_cave_pools, grunt_temple_overflow_holy_war, lemuel_round_altar
D:5:      layout_rooms, grunt_dithmenos_shadows, gammafunk_ghost_split,
          kennysheep_generic_room_4
D:6:      layout_basic, overflow_temple_1_default,
          minmay_temple_entry_statues_pillars
D:7:      layout_cave_pods, uniq_pikel
D:8:      layout_loops_corners, nzn_hepliaklqana_mist_gate,
          grunt_gozag_breadcrumbs, lair_entry_dummy
D:9:      layout_roguey, grunt_qazlal_sundering, slow_altar_1
D:10:     layout_stronghold, erik_orc_3, serial_rivers,
          chequers_serial_rivers_micro_e, chequers_serial_rivers_marsh,
          chequers_serial_rivers_micro_a, chequers_serial_rivers_micro_a,
          chequers_serial_rivers_micro_d, chequers_serial_rivers_marsh,
          basic_altar
Temple:   chequers_temple_sunken
Lair:1:   layout_loops_ring, beast_lair_carwin_7, grunt_megastairs_4
Lair:2:   layout_long_grid, spider_nest_entry_rubble,
          ebering_ghost_funeral_grove, gammafunk_lair_bear_cave,
          lemuel_fruit_tree, infiniplex_staircase_pool_2
Lair:3:   layout_chaotic_city, grunt_megastairs_2, uniq_urug, uniq_gastronok,
          uniq_snorg

Skill      XL: |  1  2  3  4  5  6  7  8  9 10 11 |
---------------+----------------------------------+-----
Long Blades    | 2 3 4 5 7 8 9 11 | 11.1
Armour         | 3 4 5 6 7 8 |  8.2
Fighting       | 4 5 6 7 9 |  9.0
Stealth        | 1 2 3 5 6 7 |  7.7
Shields        | 3 4 5 6 |  6.0

Action                   |  1- 3 |  4- 6 |  7- 9 | 10-12 || total
-------------------------+-------+-------+-------+-------++-------
Melee: Long sword        |   100 |   108 |       |       ||   208
       Knife             |       |    37 |   233 |   285 ||   555
       Headbutt          |       |       |       |    88 ||    88
  Use: Scroll            |       |       |     6 |     4 ||    10
 Stab: Sleeping          |       |     3 |    36 |    27 ||    66
Armor: Scale mail        |    41 |    10 |       |       ||    51
       Ring mail         |       |    42 |    42 |    48 ||   132
Dodge: Dodged            |    63 |    81 |   112 |   175 ||   431
Block: Other             |       |       |     1 |    14 ||    15
       Buckler           |       |       |       |   123 ||   123
       Rpst.: Long sword |    26 |    24 |       |       ||    50
